 Dungeon Crawl Stone Soup version 0.18.1-50-g88ac8fd (webtiles) character file.

87 Monkfish the Sneak (level 4, 0/27 HPs)
             Began as a Kobold Assassin on Oct 22, 2016.
             Was an Initiate of Dithmenos.
             Slain by an adder (1 damage)
             ... on level 5 of the Dungeon.
             The game lasted 00:05:11 (2053 turns).

Monkfish the Sneak (Kobold Assassin)                Turns: 2053, Time: 00:05:12

Health: 0/27       AC:  5    Str:  9 (10) XL:     4   Next: 80%
Magic:  4/4        EV: 14    Int:  6 (9)  God:    Dithmenos [......]
Gold:   185        SH:  0    Dex: 16 (17) Spells: 0 memorised, 3 levels left

rFire  . . .     SeeInvis .     a - +2 dagger
rCold  . . .     Gourm    .     c - +0 robe
rNeg   . . .     Faith    .     (shield restricted)
rPois  .         Spirit   .     (no helmet)
rElec  .         Dismiss  .     d - +0 cloak
rCorr  .         Reflect  .     (no gloves)
SustAt .         Harm     .     (no boots)
MR     .....                    (no amulet)
Stlth  ++++......               (no ring)
                                r - +2 ring of protection

@: lethally poisoned (0 -> -3), not resistant to hostile enchantments, stealthy
A: carnivore 3
a: Renounce Religion


You were on level 5 of the Dungeon.
You worshipped Dithmenos.
Dithmenos was noncommittal.
You were full.

You visited 1 branch of the dungeon, and saw 4 of its levels.

You collected 185 gold pieces.

Inventory:

Hand Weapons
 a - a +2 dagger (weapon)
 b - a +1 blowgun
Missiles
 e - 14 poisoned needles
 f - 2 curare-tipped needles
Armour
 c - a +0 robe (worn)
 d - a +0 cloak (worn)
Jewellery
 r - a +2 ring of protection (left hand)
Scrolls
 l - a scroll of identify
 q - a scroll of remove curse
Potions
 h - a potion of curing
Comestibles
 g - 3 meat rations
 n - 2 beef jerkies


   Skills:
 + Level 2.9 Fighting
 + Level 3.0 Short Blades
 * Level 3.1 Throwing
 - Level 1.2 Dodging
 + Level 6.8 Stealth


You had 3 spell levels left.
You didn't know any spells.

Dungeon Overview and Level Annotations

Branches:
Dungeon (3/15)

Altars:
Dithmenos
Fedhas
Gozag


Innate Abilities, Weirdness & Mutations

You are small and have problems with some larger weapons.
You are carnivorous and can eat meat at any time.


Message History

The adder barely misses you. The hound bites you but does no damage.
The adder misses you. The hound closely misses you.
You closely miss the adder.
The adder is moderately wounded.
The hound closely misses you. The adder bites you.
You miss the adder.
The adder is moderately wounded.
The hound bites you.
* * * LOW HITPOINT WARNING * * *
The adder bites you.
* * * LOW HITPOINT WARNING * * *
You are lethally poisoned!
The adder poisons you!
There isn't anything here!
Unknown command.
* * * LOW HITPOINT WARNING * * *
You feel sick. The hound barely misses you. The adder barely misses you.
The hound barely misses you. The adder bites you.
You die...

#.### #.# ..#
### # ####
...#####
.......# ♣♣♣
.%.###.#
♣♣♣@♣ ...#
#.♣♣ ♣♣.hS♣
...#
#..♣♣♣♣♣...♣♣
...#
#........♣♣♣
####
##..♣♣♣♣♣♣
##♣♣


You could see a hound and an adder.

Vanquished Creatures
  Jessica (D:2)
  An adder (D:2)
  2 dart slugs (D:1)
  A giant gecko (D:2)
  An orc (D:2)
  5 bats
  4 giant cockroaches
  A goblin (D:2)
  4 hobgoblins
  6 jackals (D:1)
  A quokka (D:2)
  2 giant newts
  8 kobolds
  8 rats
45 creatures vanquished.

Notes
Turn   | Place    | Note
--------------------------------------------------------------
     0 | D:1      | Monkfish the Kobold Assassin began the quest for the Orb.
     0 | D:1      | Reached XP level 1. HP: 12/12 MP: 1/1
    67 | D:1      | Reached XP level 2. HP: 9/17 MP: 2/2
   175 | D:1      | Reached skill level 6 in Stealth
   251 | D:1      | Reached XP level 3. HP: 19/21 MP: 3/3
  1121 | D:2      | Found an opulent altar of Gozag.
  1267 | D:2      | Noticed Jessica
  1282 | D:2      | Killed Jessica
  1282 | D:2      | Reached XP level 4. HP: 27/27 MP: 4/4
  1764 | D:2      | Found a shadowy altar of Dithmenos.
  1784 | D:2      | Became a worshipper of Dithmenos the Shadowed
  1987 | D:3      | You fall through a shaft for 2 floors!
  1987 | D:5      | Entered Level 5 of the Dungeon
  1987 | D:5      | Noticed a sky beast
  2036 | D:5      | Found a blossoming altar of Fedhas.
  2052 | D:5      | HP: 1/27 [poisoned by an adder]
  2053 | D:5      | Slain by an adder

Skill      XL: |  1  2  3  4 |
---------------+-------------+-----
Stealth        | 6 |  6.8
Short Blades   | 3 |  3.0
Throwing       | 3 |  3.1
Fighting       | |  2.9
Dodging        | |  1.2

Action                   |  1- 3 |  4- 6 || total
-------------------------+-------+-------++-------
Melee: Dagger            |    90 |    30 ||   120
 Fire: Blowgun           |    14 |    12 ||    26
  Use: Scroll            |     7 |     2 ||     9
       Potion            |     4 |     3 ||     7
 Stab: Sleeping          |     5 |     2 ||     7
  Eat: Chunk             |     6 |     2 ||     8
Armor: Robe              |    21 |    14 ||    35
Dodge: Dodged            |    61 |    58 ||   119
